[Event "Titled Tuesday Blitz June 29 2021"]
[White "Kotofeyca"]
[Black "Karttunen"]
[WhiteElo "2366"]
[BlackElo "2524"]
[Result "1-0"]
[Round "07"]
[TimeControl "180+1"]
[Date "2021.06.29"]
[WhiteClock "0:00:58"]
[BlackClock "0:01:37"]

1. d4 Nf6 2. c4 e6 3. Nf3 Bb4+ 4. Nbd2 O-O 5. a3 Bxd2+ 6. Bxd2 d6 7. Bg5 h6 8. Bh4 Qe7 9. e3 e5 10. Be2 e4 11. Nd2 Bf5 12. Qc2 Bh7 13. Bxf6 Qxf6 14. Nxe4 Qg6 15. Bd3 f5 16. Ng3 Nc6 17. O-O h5 18. Ne2 Qg5 19. b4 h4 20. Nf4 Nxd4 21. Qc3 c5 22. bxc5 dxc5 23. Nh3 Nf3+ 24. Kh1 Qg4 25. Be2 Nxh2 26. Bxg4 Nxf1 27. Bf3 1-0


[Site "https://www.chess.com"]

[Event "Titled Tuesday Blitz June 29 2021"]
[White "LileKoridze"]
[Black "Willhaven3"]
[WhiteElo "2389"]
[BlackElo "2560"]
[Result "0-1"]
[Round "07"]
[TimeControl "180+1"]
[Date "2021.06.29"]
[WhiteClock "0:00:44"]
[BlackClock "0:00:59"]

1. d4 Nf6 2. c4 e6 3. g3 d5 4. Bg2 Be7 5. Nf3 O-O 6. O-O dxc4 7. Ne5 Nc6 8. Nxc6 bxc6 9. Na3 Bxa3 10. bxa3 Ba6 11. Qd2 Rb8 12. Qa5 Rb6 13. Rd1 Qc8 14. a4 Rd8 15. Ba3 Nd5 16. e4 Nf6 17. Qg5 c3 18. Be7 h6 19. Qh4 c2 20. Rdc1 Rxd4 21. Bc5 Rd2 22. Bxb6 cxb6 23. Qf4 Qd7 24. Bf3 Qd4 25. Qb8+ Kh7 26. Qxa7 Qxf2+ 0-1


[Site "https://www.chess.com"]

[Event "Titled Tuesday Blitz June 29 2021"]
[White "MFBerna"]
[Black "Kretov_Evgenij"]
[WhiteElo "2400"]
[BlackElo "2640"]
[Result "0-1"]
[Round "07"]
[TimeControl "180+1"]
[Date "2021.06.29"]
[WhiteClock "0:00:04"]
[BlackClock "0:00:20"]

1. e4 c5 2. Nf3 Nc6 3. d4 cxd4 4. Nxd4 g6 5. Nc3 Bg7 6. Nb3 Nf6 7. Be2 O-O 8. O-O d6 9. Re1 a5 10. a4 Be6 11. Bf1 Nd7 12. Nd5 Rc8 13. c3 Nce5 14. Nd4 Bxd5 15. exd5 Nc5 16. Bb5 h6 17. Qe2 g5 18. Nf5 Nb3 19. Rb1 Nxc1 20. Rbxc1 e6 21. Nxg7 Kxg7 22. Rcd1 Qe7 23. Rd4 Rc5 24. Red1 exd5 25. Rxd5 Rxd5 26. Rxd5 Qe6 27. Qd2 Rd8 28. Qd4 f6 29. Bf1 Nc6 30. Qd2 Rd7 31. b4 axb4 32. cxb4 Ne7 33. Rd4 d5 34. h3 Nc6 35. Rd3 d4 36. b5 Ne5 37. Rxd4 Rc7 38. Rd6 Qf5 39. Qe3 Qb1 40. Qe2 Rc1 41. Rb6 Rc7 42. Rd6 Qb4 43. Rd5 Rc1 44. Rxe5 fxe5 45. Qxe5+ Kf7 46. Qd5+ Kf6 47. Qf3+ Qf4 48. Qxf4+ gxf4 49. a5 Ke5 50. a6 bxa6 51. bxa6 Ra1 52. f3 Kd4 53. Kf2 Ra2+ 54. Be2 h5 55. h4 Ra1 56. g3 fxg3+ 57. Kxg3 Ke3 58. Bb5 Ra5 59. Bc4 Ra4 60. Bb5 Ra5 61. Bc4 Kd4 62. Bf1 Ke3 63. Bb5 Rxb5 64. f4 Ra5 65. f5 Rxf5 66. a7 0-1


[Site "https://www.chess.com"]

[Event "Titled Tuesday Blitz June 29 2021"]
[White "Matols"]
[Black "SilviusTiberius"]
[WhiteElo "2343"]
[BlackElo "2498"]
[Result "0-1"]
[Round "07"]
[TimeControl "180+1"]
[Date "2021.06.29"]
[WhiteClock "0:00:03"]
[BlackClock "0:00:12"]

1. d4 Nf6 2. c4 e6 3. g3 d5 4. Nf3 Be7 5. Bg2 O-O 6. O-O dxc4 7. Qc2 a6 8. a4 Bd7 9. Qxc4 Bc6 10. Bf4 Bd6 11. Ne5 Bxg2 12. Kxg2 Nbd7 13. Nc3 Nb6 14. Qd3 Nbd5 15. Bd2 Bxe5 16. dxe5 Nxc3 17. bxc3 Nd7 18. Qe3 Nb6 19. Rfd1 Nc4 20. Qf4 Qd5+ 21. f3 Nxe5 22. Be3 Qa5 23. Bd4 Ng6 24. Qg4 e5 25. Qh5 f5 26. Bf2 Rf7 27. c4 Re8 28. h4 e4 29. fxe4 Rxe4 30. Rd8+ Rf8 31. Rad1 Qe5 32. Rxf8+ Nxf8 33. Rd8 Rxe2 34. Qf3 Qe4 35. Qxe4 fxe4 36. Kf1 Rxf2+ 37. Kxf2 Kf7 38. Ke3 Ne6 39. Rd7+ Ke8 40. Rd1 Nc5 41. Rd5 b6 42. a5 Ke7 43. Kd4 Nb3+ 44. Kxe4 Nxa5 45. Kd3 Nc6 46. c5 Nb4+ 47. Kc4 Nxd5 48. Kxd5 bxc5 49. Kxc5 a5 0-1


[Site "https://www.chess.com"]

[Event "Titled Tuesday Blitz June 29 2021"]
[White "MattyDPerrine"]
[Black "SaraBlackPanther"]
[WhiteElo "2545"]
[BlackElo "2692"]
[Result "1/2-1/2"]
[Round "07"]
[TimeControl "180+1"]
[Date "2021.06.29"]
[WhiteClock "0:00:03"]
[BlackClock "0:01:01"]

1. Nf3 Nf6 2. g3 g6 3. b3 Bg7 4. Bb2 O-O 5. Bg2 d5 6. c4 c5 7. cxd5 Nxd5 8. Bxg7 Kxg7 9. O-O Nc6 10. d4 cxd4 11. Nxd4 Nxd4 12. Qxd4+ Nf6 13. Qe5 Qd6 14. Qxd6 exd6 15. Nc3 Re8 16. Rfd1 Bg4 17. Bxb7 Rad8 18. f3 Be6 19. e4 Re7 20. Bd5 Rc8 21. Bxe6 fxe6 22. Rd3 Rec7 23. Ne2 d5 24. exd5 exd5 25. Rad1 Rc2 26. R1d2 Kf7 27. Nf4 Rxd2 28. Rxd2 Rc1+ 29. Kf2 Ra1 30. Ke3 h5 31. Kd4 Rf1 32. Nxd5 Rxf3 33. Nxf6 Kxf6 34. Kc5 Kg5 35. Kc6 h4 36. gxh4+ Kxh4 37. Kb7 Rf7+ 38. Ka6 Kh3 39. b4 g5 40. b5 g4 41. a4 Rf4 42. a5 Ra4 43. b6 axb6 44. Kxb6 Rb4+ 45. Kc5 Ra4 46. Kb5 Ra1 47. Rb2 Ra3 48. a6 Rf3 49. a7 Rf8 50. Ka6 Rf6+ 51. Rb6 Rf1 52. a8=Q Ra1+ 53. Kb7 Rxa8 54. Kxa8 Kxh2 55. Kb7 g3 56. Rh6+ Kg1 57. Kc6 g2 58. Kd5 Kf2 59. Rf6+ Kg3 60. Rg6+ Kh2 61. Rxg2+ Kxg2 1/2-1/2


[Site "https://www.chess.com"]

[Event "Titled Tuesday Blitz June 29 2021"]
[White "MatyChess1"]
[Black "DeTimmerman"]
[WhiteElo "2602"]
[BlackElo "2790"]
[Result "0-1"]
[Round "07"]
[TimeControl "180+1"]
[Date "2021.06.29"]
[WhiteClock "0:00:24"]
[BlackClock "0:00:23"]

1. e4 e5 2. Nf3 Nc6 3. Bc4 Nf6 4. d3 Be7 5. O-O O-O 6. Re1 d6 7. a4 Kh8 8. Nc3 Ng8 9. Nd5 f5 10. c3 Bf6 11. h3 Nce7 12. Ne3 f4 13. Ng4 Qe8 14. d4 Nc6 15. Bb5 Bxg4 16. hxg4 Qg6 17. g5 Bxg5 18. Bxc6 bxc6 19. dxe5 Rad8 20. exd6 cxd6 21. c4 Nf6 22. e5 Ng8 23. Qe2 Rfe8 24. b3 Re6 25. Bb2 Rde8 26. Qd2 Bh6 27. exd6 Rxd6 28. Qxd6 Rxe1+ 29. Rxe1 Qxd6 30. Re8 Bg5 31. Ne5 Qd1+ 32. Kh2 Qh5+ 0-1


[Site "https://www.chess.com"]

[Event "Titled Tuesday Blitz June 29 2021"]
[White "Meri-Arabidze"]
[Black "GM_Crest"]
[WhiteElo "2648"]
[BlackElo "2796"]
[Result "0-1"]
[Round "07"]
[TimeControl "180+1"]
[Date "2021.06.29"]
[WhiteClock "0:00:03"]
[BlackClock "0:01:01"]

1. d4 d5 2. Nf3 e6 3. c4 c5 4. e3 Nf6 5. Nc3 cxd4 6. exd4 Be7 7. Bd3 dxc4 8. Bxc4 O-O 9. O-O a6 10. Qe2 b5 11. Bb3 Bb7 12. Bg5 Nc6 13. Rad1 Nb4 14. d5 Nbxd5 15. Nxd5 Bxd5 16. Bxd5 exd5 17. Nd4 Qd7 18. Rfe1 Rfe8 19. Qf3 h6 20. Bh4 Ne4 21. Bxe7 Rxe7 22. Nf5 Re5 23. g4 Rae8 24. Qf4 Qe6 25. Kg2 h5 26. f3 Nf6 27. Rxe5 Qxe5 28. Qxe5 Rxe5 29. Kg3 hxg4 30. fxg4 Re2 31. g5 Ne4+ 32. Kf4 Rf2+ 33. Ke5 Nxg5 34. Rxd5 Rxb2 35. Rd8+ Kh7 36. Nd6 Re2+ 37. Kf5 f6 38. h4 Re5+ 39. Kg4 Ne6 40. Ra8 Nc5 41. h5 Re7 42. Nf5 Rd7 43. Nh4 Nd3 44. Kf5 Rd5+ 45. Kg4 Ne5+ 46. Kh3 Nf7 47. Ng6 Rxh5+ 48. Nh4 g5 49. Kg4 Rxh4+ 50. Kf5 Rf4+ 0-1


[Site "https://www.chess.com"]

[Event "Titled Tuesday Blitz June 29 2021"]
[White "Mikhail_Golubev"]
[Black "KetiGrant"]
[WhiteElo "2512"]
[BlackElo "2362"]
[Result "1-0"]
[Round "07"]
[TimeControl "180+1"]
[Date "2021.06.29"]
[WhiteClock "0:00:34"]
[BlackClock "0:00:28"]

1. e4 c5 2. Nf3 Nc6 3. Nc3 e5 4. Bc4 Be7 5. d3 Nf6 6. Ng5 O-O 7. h4 d6 8. Nd5 Be6 9. Nxf6+ Bxf6 10. Bxe6 fxe6 11. Nxe6 Qe7 12. Nxf8 Rxf8 13. Be3 h6 14. g3 Nd4 15. c3 Ne6 16. Qb3 Kh8 17. a4 Rc8 18. a5 Qd7 19. Qd5 Rb8 20. Kd2 Nc7 21. Qc4 b5 22. axb6 Rxb6 23. Rxa7 Rxb2+ 24. Kc1 Rb8 25. Kc2 Qg4 26. Rha1 Qe2+ 27. Bd2 Nb5 28. Ra8 1-0


[Site "https://www.chess.com"]

[Event "Titled Tuesday Blitz June 29 2021"]
[White "N4700000"]
[Black "rychessmaster1"]
[WhiteElo "2370"]
[BlackElo "2541"]
[Result "1-0"]
[Round "07"]
[TimeControl "180+1"]
[Date "2021.06.29"]
[WhiteClock "0:00:13"]
[BlackClock "0:00:06"]

1. e4 c6 2. Nf3 d5 3. d3 Bg4 4. Nbd2 e6 5. h3 Bh5 6. g4 Bg6 7. Bg2 Nd7 8. Qe2 Bd6 9. h4 h6 10. e5 Bc5 11. h5 Bh7 12. Nb3 Bb6 13. d4 c5 14. dxc5 Bxc5 15. Nxc5 Qa5+ 16. c3 Qxc5 17. O-O Ne7 18. Be3 Qc7 19. Bd4 Nc6 20. Rfe1 Be4 21. Nh4 Bxg2 22. Kxg2 O-O 23. f4 Rae8 24. g5 hxg5 25. fxg5 Qd8 26. Qg4 Qe7 27. Kh3 Rc8 28. Re2 Nxd4 29. cxd4 Rc4 30. Rf1 Qb4 31. Rf4 Nb8 32. g6 Qe7 33. Ref2 f6 34. exf6 Rxf6 35. Rxf6 gxf6 36. h6 Nd7 37. g7 Qf7 38. Qg6 Qxg6 39. Nxg6 Rxd4 40. Ne7+ Kf7 41. g8=Q+ Kxe7 42. Qg7+ Kd6 43. Qg3+ e5 44. h7 f5 45. h8=Q f4 46. Qh6+ Kc7 47. Qgg6 Rd3+ 48. Kh2 Rg3 49. Qd6+ 1-0


[Site "https://www.chess.com"]

[Event "Titled Tuesday Blitz June 29 2021"]
[White "Neftegor"]
[Black "EddieUrquhart"]
[WhiteElo "2542"]
[BlackElo "2380"]
[Result "1-0"]
[Round "07"]
[TimeControl "180+1"]
[Date "2021.06.29"]
[WhiteClock "0:00:47"]
[BlackClock "0:00:07"]

1. d4 Nf6 2. c4 e6 3. Nf3 Nc6 4. g3 Bb4+ 5. Nbd2 a5 6. Bg2 O-O 7. O-O Bxd2 8. Bxd2 d6 9. Qc2 Qe7 10. e4 e5 11. d5 Nb4 12. Qb1 b6 13. a3 Na6 14. b4 Ne8 15. Re1 f5 16. exf5 Bxf5 17. Qb3 Nf6 18. Nd4 Bd7 19. Nc6 Bxc6 20. dxc6 Kh8 21. h3 Qf7 22. Be3 b5 23. Rac1 bxc4 24. Rxc4 axb4 25. axb4 Rfb8 26. b5 Nc5 27. Bxc5 dxc5 28. Rxe5 Ra1+ 29. Kh2 h6 30. Rexc5 Ng4+ 31. hxg4 Qxf2 32. Rf5 Qg1+ 33. Kh3 Re1 34. Rcf4 Re2 35. Qf3 1-0


[Site "https://www.chess.com"]

[Event "Titled Tuesday Blitz June 29 2021"]
[White "Oleksandr_Bortnyk"]
[Black "Sharpchess22"]
[WhiteElo "3022"]
[BlackElo "2877"]
[Result "1/2-1/2"]
[Round "07"]
[TimeControl "180+1"]
[Date "2021.06.29"]
[WhiteClock "0:00:04"]
[BlackClock "0:00:17"]

1. e4 e5 2. Bc4 Nf6 3. d3 Nc6 4. Nc3 Na5 5. Bg5 Nxc4 6. dxc4 Be7 7. Qd3 d6 8. Nge2 O-O 9. Rd1 Nd7 10. Bxe7 Qxe7 11. O-O Nc5 12. Qe3 f5 13. f4 Nxe4 14. Nxe4 fxe4 15. Qxe4 Bf5 16. Qxb7 Bxc2 17. Rd2 Bf5 18. fxe5 Qxe5 19. Qd5+ Qxd5 20. cxd5 a5 21. Nd4 Be4 22. Rxf8+ Rxf8 23. Ne6 Rc8 24. Rd4 Bb1 25. Ra4 c6 26. dxc6 Rxc6 27. Rxa5 Rc1+ 28. Kf2 Rc2+ 29. Kf3 Rxb2 30. a4 Rb3+ 31. Kf2 h6 32. Ra7 g5 33. a5 Ra3 34. Nd4 Be4 35. g4 d5 36. a6 Ra2+ 37. Ke1 Ra4 38. Ne6 d4 39. Nc5 Ra1+ 40. Kd2 Ra2+ 41. Kd1 Ra1+ 42. Ke2 Ra2+ 43. Ke1 Ra1+ 44. Kf2 Ra2+ 45. Ke1 Ra1+ 1/2-1/2


[Site "https://www.chess.com"]

[Event "Titled Tuesday Blitz June 29 2021"]
[White "OrtizAnahi2001"]
[Black "pavel_skatchkov"]
[WhiteElo "2411"]
[BlackElo "2609"]
[Result "0-1"]
[Round "07"]
[TimeControl "180+1"]
[Date "2021.06.29"]
[WhiteClock "0:00:07"]
[BlackClock "0:00:19"]

1. d4 Nf6 2. c4 e6 3. Nc3 Bb4 4. e3 O-O 5. Bd3 d5 6. a3 Bxc3+ 7. bxc3 dxc4 8. Bxc4 c5 9. Ne2 b6 10. O-O Ba6 11. Ba2 Qc7 12. Re1 Nc6 13. h3 Rad8 14. Bb1 e5 15. Bb2 exd4 16. cxd4 Bxe2 17. Qxe2 cxd4 18. exd4 Nxd4 19. Qd3 Qf4 20. Bc1 Qh4 21. Ra2 Rfe8 22. Rxe8+ Rxe8 23. Be3 Ne6 24. Rd2 h6 25. Qa6 Ng5 26. Qd3 Nge4 27. Rd1 Rc8 28. Bd4 Qf4 29. g3 Qf5 30. f3 Qxh3 31. fxe4 Ng4 32. Qe2 Rd8 33. Bc2 Rxd4 34. Rxd4 Qxg3+ 35. Qg2 Qe1+ 36. Qf1 Qe3+ 37. Kg2 Qxd4 38. Qd3 Ne3+ 39. Kf3 Nxc2 40. Qxc2 Qc5 41. Qd3 g6 42. Qb3 Kg7 43. Qb2+ Kh7 44. Qb3 Kg8 45. Qb2 h5 46. Kf4 h4 47. Qd2 h3 48. Qd8+ Kg7 49. Qh4 Qh5 50. Qd8 h2 51. Qd4+ Kh7 52. Qf6 g5+ 53. Ke3 h1=Q 54. Qxf7+ Qxf7 0-1


[Site "https://www.chess.com"]

[Event "Titled Tuesday Blitz June 29 2021"]
[White "PavelShkapenko"]
[Black "Isajevsky_Anton"]
[WhiteElo "2677"]
[BlackElo "2522"]
[Result "1-0"]
[Round "07"]
[TimeControl "180+1"]
[Date "2021.06.29"]
[WhiteClock "0:02:21"]
[BlackClock "0:01:22"]

1. e4 c5 2. c3 Nf6 3. e5 Nd5 4. d4 cxd4 5. cxd4 e6 6. Nc3 d6 7. Nf3 Nxc3 8. bxc3 Qc7 9. Bd2 Nd7 10. Ng5 dxe5 11. Qh5 Nf6 12. Bb5+ Kd8 13. Qxf7 a6 14. Ba4 Bd6 15. Qxc7+ Kxc7 16. dxe5 1-0


[Site "https://www.chess.com"]

[Event "Titled Tuesday Blitz June 29 2021"]
[White "PowerThinking2650"]
[Black "elextranjero00"]
[WhiteElo "2407"]
[BlackElo "2606"]
[Result "1-0"]
[Round "07"]
[TimeControl "180+1"]
[Date "2021.06.29"]
[WhiteClock "0:00:31"]
[BlackClock "0:00:07"]

1. e4 c6 2. d4 d5 3. Nc3 dxe4 4. Nxe4 Nf6 5. Nxf6+ exf6 6. Bc4 Bd6 7. Qe2+ Qe7 8. Qxe7+ Kxe7 9. Ne2 Be6 10. Bb3 Nd7 11. Bf4 a5 12. Bxd6+ Kxd6 13. O-O-O Bxb3 14. axb3 f5 15. c4 a4 16. Kc2 axb3+ 17. Kxb3 Nf6 18. Nc3 Rhe8 19. f3 Re3 20. Rhe1 Rae8 21. Rxe3 Rxe3 22. Kc2 h5 23. Kd2 Re8 24. Ra1 h4 25. Ra7 Kc7 26. Ra5 g6 27. Re5 Rxe5 28. dxe5 Nh5 29. Ke3 Ng7 30. f4 Ne6 31. Ne2 Kb6 32. b4 c5 33. b5 Ka5 34. Kd3 Kb4 35. g3 hxg3 36. hxg3 b6 37. Nc3 Nd4 38. Nd5+ Ka5 39. Nf6 Ne6 40. Ne8 g5 41. fxg5 Nxg5 42. Nd6 Nf3 43. Nxf7 Kb4 44. e6 1-0


[Site "https://www.chess.com"]

[Event "Titled Tuesday Blitz June 29 2021"]
[White "Ranindu2003"]
[Black "AnotherGrumpy"]
[WhiteElo "2707"]
[BlackElo "2572"]
[Result "0-1"]
[Round "07"]
[TimeControl "180+1"]
[Date "2021.06.29"]
[WhiteClock "0:00:16"]
[BlackClock "0:00:37"]

1. e4 c6 2. d4 d5 3. e5 Bf5 4. h4 h5 5. c4 e6 6. Nc3 Nd7 7. Nge2 Be7 8. Ng3 Bg6 9. cxd5 exd5 10. Bd3 Nf8 11. Bxg6 Nxg6 12. Nf5 Nxh4 13. Nxg7+ Kf8 14. Nxh5 Nxg2+ 15. Kf1 Nh4 16. Qg4 Ng6 17. Be3 Qc8 18. Qf3 Nh4 19. Rxh4 Bxh4 20. Ke2 Ne7 21. Rh1 Ng6 22. Kf1 Be7 23. Ne2 Nh4 24. Rxh4 Bxh4 25. Nef4 Qf5 26. e6 Rxh5 27. exf7 Rh7 28. Qg2 Kxf7 29. Ke2 Re8 30. Kd2 Bg5 31. Qf3 Bxf4 32. Bxf4 Rh4 0-1


[Site "https://www.chess.com"]

[Event "Titled Tuesday Blitz June 29 2021"]
[White "RedbaronCanada"]
[Black "saraswathii"]
[WhiteElo "2541"]
[BlackElo "2375"]
[Result "0-1"]
[Round "07"]
[TimeControl "180+1"]
[Date "2021.06.29"]
[WhiteClock "0:02:13"]
[BlackClock "0:02:16"]

1. e4 c5 2. Ne2 e6 3. Nbc3 Nc6 4. d4 cxd4 5. Nxd4 Nf6 6. Ndb5 Bb4 7. a3 Bxc3+ 8. Nxc3 d5 9. exd5 exd5 10. Bd3 d4 11. Ne2 O-O 12. O-O Qd5 13. Nf4 Qd6 14. Re1 h6 15. Bd2 Rd8 16. Qf3 Ne5 17. Qg3 Nxd3 18. Nxd3 Qxg3 19. hxg3 Bf5 20. Re7 Rac8 21. Rc1 Rd7 22. Rxd7 Nxd7 23. f3 Bxd3 24. cxd3 Rxc1+ 25. Bxc1 Nc5 26. Bd2 Nxd3 27. b4 Nb2 28. Kf1 Nc4 29. Bc1 d3 30. Ke1 Kf8 31. a4 Ke7 32. Bf4 Ke6 33. a5 a6 34. Bb8 Kd5 35. Kd1 Kd4 36. f4 Kc3 0-1


[Site "https://www.chess.com"]

[Event "Titled Tuesday Blitz June 29 2021"]
[White "Rodalquilar"]
[Black "GM_dmitrij"]
[WhiteElo "2751"]
[BlackElo "2909"]
[Result "0-1"]
[Round "07"]
[TimeControl "180+1"]
[Date "2021.06.29"]
[WhiteClock "0:00:05"]
[BlackClock "0:00:46"]

1. d4 Nf6 2. Bg5 Ne4 3. Bf4 c5 4. f3 Qa5+ 5. c3 Nf6 6. d5 Qb6 7. Bc1 e6 8. e4 exd5 9. exd5 d6 10. Na3 Be7 11. Nc4 Qd8 12. a4 O-O 13. Ne2 Nbd7 14. Nf4 Ne5 15. Be2 b6 16. O-O Re8 17. Re1 Bf8 18. Bf1 a6 19. a5 Nxc4 20. Rxe8 Qxe8 21. Bxc4 b5 22. Bd3 c4 23. Bc2 Bb7 24. b3 Qe5 25. bxc4 Qxc3 26. Ra3 Qxc4 27. Bb2 Rc8 28. Bxf6 Qc5+ 29. Bd4 Qxa3 30. Nh5 Rc4 31. h4 Qb4 32. Qd3 Qe1+ 33. Kh2 Qxh4+ 34. Kg1 Qxh5 35. g4 Qg6 36. Qd2 Qxc2 0-1


[Site "https://www.chess.com"]

[Event "Titled Tuesday Blitz June 29 2021"]
[White "SergeyShtyka"]
[Black "NikolaGry"]
[WhiteElo "2413"]
[BlackElo "2617"]
[Result "0-1"]
[Round "07"]
[TimeControl "180+1"]
[Date "2021.06.29"]
[WhiteClock "0:00:04"]
[BlackClock "0:00:06"]

1. e4 d6 2. d4 Nf6 3. Nc3 g6 4. g3 Bg7 5. Bg2 O-O 6. Nge2 Nc6 7. O-O e5 8. d5 Ne7 9. f3 Nd7 10. Be3 f5 11. Qd2 a6 12. Nd1 Nf6 13. h3 Nh5 14. g4 f4 15. gxh5 fxe3 16. Qxe3 gxh5 17. Kh2 Ng6 18. Rg1 Qh4 19. Qf2 Qf6 20. Ne3 Bh6 21. Ng3 Bf4 22. Kh1 Qh4 23. Nef1 Bxh3 24. Bxh3 Qxh3+ 25. Qh2 Qxh2+ 26. Nxh2 Bxg3 27. Rxg3 c6 28. dxc6 bxc6 29. Rd1 Rad8 30. c4 Kf7 31. Rg5 Nf4 32. Nf1 Rg8 33. Rxg8 Kxg8 34. Ne3 Kf7 35. b4 Ke6 36. Nf5 d5 37. cxd5+ cxd5 38. Rc1 dxe4 39. fxe4 Kf6 40. Rc6+ Kg5 41. Rxa6 Rd1+ 42. Kh2 Rd2+ 43. Kg3 h4+ 44. Nxh4 Nh5+ 45. Kf3 Kxh4 46. Rh6 Kg5 47. Rxh7 Rxa2 48. b5 Rb2 49. Rb7 Rb3+ 50. Ke2 Kf4 51. Kd2 Ng3 52. Kc2 Rb4 53. Kc3 Rd4 54. Rf7+ Ke3 55. b6 Nxe4+ 56. Kb3 Nd6 57. Re7 e4 58. b7 Nxb7 59. Rxb7 Kd2 60. Rd7 Rxd7 0-1


[Site "https://www.chess.com"]

[Event "Titled Tuesday Blitz June 29 2021"]
[White "ShahMatKanal"]
[Black "QuakeAOS"]
[WhiteElo "2527"]
[BlackElo "2671"]
[Result "1-0"]
[Round "07"]
[TimeControl "180+1"]
[Date "2021.06.29"]
[WhiteClock "0:00:59"]
[BlackClock "0:01:26"]

1. e4 c5 2. Nf3 d6 3. Bb5+ Nd7 4. O-O a6 5. Bd3 b5 6. a4 Bb7 7. axb5 axb5 8. Rxa8 Bxa8 9. Bxb5 Bxe4 10. d4 cxd4 11. Nxd4 Nf6 12. Nc3 Bb7 13. Re1 g6 14. Bf4 e5 15. Nc6 Qc7 16. Nxe5 Be7 17. Nxd7 Nxd7 18. Bxd6 1-0


[Site "https://www.chess.com"]

[Event "Titled Tuesday Blitz June 29 2021"]
[White "Shahaliyev"]
[Black "heartandgold"]
[WhiteElo "2707"]
[BlackElo "2524"]
[Result "1-0"]
[Round "07"]
[TimeControl "180+1"]
[Date "2021.06.29"]
[WhiteClock "0:00:58"]
[BlackClock "0:00:02"]

1. Nf3 d5 2. c4 c6 3. d4 Nf6 4. Nc3 dxc4 5. a4 Bf5 6. Bg5 Nbd7 7. e3 e6 8. Bxc4 Be7 9. O-O O-O 10. Qe2 h6 11. Bf4 c5 12. Rad1 Qa5 13. e4 Bg4 14. d5 e5 15. d6 exf4 16. dxe7 Rfe8 17. Nd5 Nxd5 18. exd5 Bxf3 19. gxf3 a6 20. d6 Rab8 21. Bxf7+ Kxf7 22. Qc4+ Kf6 23. Rfe1 Qb4 24. Qe6+ Kg5 25. Rd5+ Kh4 26. Qg4# 1-0


[Site "https://www.chess.com"]

[Event "Titled Tuesday Blitz June 29 2021"]
[White "ShapkinAnatoliy"]
[Black "AryanTari"]
[WhiteElo "2710"]
[BlackElo "2951"]
[Result "0-1"]
[Round "07"]
[TimeControl "180+1"]
[Date "2021.06.29"]
[WhiteClock "0:00:11"]
[BlackClock "0:00:36"]

1. d4 Nf6 2. c4 g6 3. Nc3 d5 4. cxd5 Nxd5 5. e4 Nxc3 6. bxc3 Bg7 7. Nf3 c5 8. Be3 Qa5 9. Qd2 O-O 10. Rc1 Rd8 11. d5 e6 12. Be2 Qa4 13. c4 Nc6 14. Bxc5 b6 15. Be3 Nb4 16. O-O Qxa2 17. Qxb4 Qxe2 18. Qe7 Bd7 19. Ng5 Be8 20. dxe6 fxe6 21. Qxe6+ Kh8 22. c5 bxc5 23. Rxc5 Rd1 24. h4 Qxf1+ 25. Kh2 Qd3 26. Rd5 Qb3 27. Nf7+ Bxf7 28. Qxf7 Rxd5 29. exd5 Qb8+ 30. g3 Qe8 31. Qc7 Qd8 32. Qc6 Rc8 33. Qe6 Qe8 34. Qa6 Qd7 35. d6 Rc6 0-1


[Site "https://www.chess.com"]

[Event "Titled Tuesday Blitz June 29 2021"]
[White "Shuvalov"]
[Black "tsaruk_maks"]
[WhiteElo "2462"]
[BlackElo "2645"]
[Result "0-1"]
[Round "07"]
[TimeControl "180+1"]
[Date "2021.06.29"]
[WhiteClock "0:00:02"]
[BlackClock "0:00:03"]

1. Nf3 d5 2. c4 c6 3. g3 Nf6 4. Bg2 dxc4 5. O-O e6 6. Qc2 Be7 7. Qxc4 b5 8. Qc2 Bb7 9. d3 O-O 10. a4 a6 11. Nbd2 Qb6 12. Nb3 Nbd7 13. Be3 c5 14. Bd2 Bc6 15. Na5 Bd5 16. e4 Bb7 17. Nxb7 Qxb7 18. h3 Rac8 19. axb5 axb5 20. Be3 Rfd8 21. Ra5 c4 22. Nd4 cxd3 23. Qxd3 b4 24. Qb5 Qc7 25. Rc1 Qxc1+ 26. Bxc1 Rxc1+ 27. Kh2 Rdc8 28. e5 R1c5 29. Qa6 Nxe5 30. Rxc5 Rxc5 31. Qa8+ Bf8 32. f4 Nd3 33. Nc6 g6 34. b3 Rc2 35. Kg1 Ne1 0-1


[Site "https://www.chess.com"]

[Event "Titled Tuesday Blitz June 29 2021"]
[White "Skat2704"]
[Black "AlejandroPacheco29"]
[WhiteElo "2643"]
[BlackElo "2418"]
[Result "1-0"]
[Round "07"]
[TimeControl "180+1"]
[Date "2021.06.29"]
[WhiteClock "0:00:50"]
[BlackClock "0:00:04"]

1. d4 Nf6 2. c4 e6 3. Nf3 d5 4. Nc3 c6 5. Bg5 h6 6. Bh4 dxc4 7. e4 g5 8. Bg3 b5 9. Be2 Bb7 10. O-O Nbd7 11. Qc2 Bg7 12. Bd6 Bf8 13. Bxf8 Kxf8 14. e5 Nd5 15. Ne4 c5 16. Nd6 Qc7 17. Nxb5 Qb6 18. Bxc4 cxd4 19. Rad1 Rc8 20. Nbxd4 Ba6 21. b3 g4 22. Nh4 Nxe5 23. Rfe1 Nxc4 24. bxc4 Rxc4 25. Qb3 Qxb3 26. axb3 Rc5 27. Ng6+ Kg7 28. Nxh8 Kxh8 29. Ra1 Nb4 30. g3 Rd5 31. Re4 Bd3 32. Rxg4 a6 33. Re1 Kh7 34. Nxe6 fxe6 35. Rxb4 Rd6 36. Rd1 e5 37. f3 Kg6 38. Kf2 Rd7 39. Ke3 Bb5 1-0


[Site "https://www.chess.com"]

[Event "Titled Tuesday Blitz June 29 2021"]
[White "Spriteball"]
[Black "elohunter1999"]
[WhiteElo "2394"]
[BlackElo "2564"]
[Result "0-1"]
[Round "07"]
[TimeControl "180+1"]
[Date "2021.06.29"]
[WhiteClock "0:00:04"]
[BlackClock "0:00:11"]

1. d4 Nf6 2. c4 c5 3. d5 e6 4. Nc3 exd5 5. cxd5 d6 6. Nf3 g6 7. g3 Bg7 8. Bg2 O-O 9. O-O a6 10. a4 Nbd7 11. e4 Re8 12. Nd2 Rb8 13. Nc4 Qc7 14. Bf4 Bf8 15. a5 Nh5 16. Bg5 Ne5 17. Nb6 Nd7 18. Nc4 b5 19. axb6 Nxb6 20. Na5 Bd7 21. Bf3 Ng7 22. h4 f5 23. exf5 Nxf5 24. Ne4 Bg7 25. Nf6+ Kh8 26. Nxe8 Rxe8 27. Qd2 Nd4 28. Bg2 Re2 29. Qd3 Bb5 30. Qd1 Rxb2 31. Re1 Ne2+ 32. Kh2 Nc3 33. Qf3 Nbxd5 34. Bf1 h6 35. Nc4 Rb4 36. Bd2 Bxc4 37. Re8+ Kh7 38. Bxc4 Rxc4 39. Qd3 Rd4 40. Qc2 Qf7 41. Rae1 Qxf2+ 42. Kh3 Rxd2 0-1


[Site "https://www.chess.com"]

[Event "Titled Tuesday Blitz June 29 2021"]
[White "Sychev_Klementy"]
[Black "HiHaruka"]
[WhiteElo "2814"]
[BlackElo "2333"]
[Result "1-0"]
[Round "07"]
[TimeControl "180+1"]
[Date "2021.06.29"]
[WhiteClock "0:01:41"]
[BlackClock "0:00:07"]

1. e4 c5 2. d4 cxd4 3. c3 dxc3 4. Nxc3 Nc6 5. Nf3 d6 6. Bc4 e6 7. O-O Nf6 8. Qe2 Be7 9. Rd1 e5 10. h3 O-O 11. Be3 Be6 12. Bxe6 fxe6 13. Qc4 Qd7 14. Ng5 Nd8 15. Rac1 h6 16. Nf3 Rc8 17. Qb3 Nc6 18. a4 Nh5 19. Nh2 Nf4 20. Kh1 Bg5 21. Nb5 Nd4 22. Bxd4 Rxc1 23. Rxc1 Ne2 24. Rc7 Nxd4 25. Rxd7 Nxb3 26. Nf3 Rc8 27. Nxd6 Rc2 28. Rxb7 Bf4 29. Rxb3 Rc1+ 30. Ng1 Rf1 31. g3 Bd2 32. Kg2 Re1 33. Nf3 Rd1 34. Rd3 1-0


[Site "https://www.chess.com"]

[Event "Titled Tuesday Blitz June 29 2021"]
[White "TigrVShlyape"]
[Black "dmitrijiIM"]
[WhiteElo "2838"]
[BlackElo "2615"]
[Result "1-0"]
[Round "07"]
[TimeControl "180+1"]
[Date "2021.06.29"]
[WhiteClock "0:00:19"]
[BlackClock "0:00:02"]

1. d4 Nf6 2. Nf3 g6 3. c3 Bg7 4. Bg5 O-O 5. Nbd2 d5 6. e3 Nbd7 7. Be2 Re8 8. O-O e5 9. b4 e4 10. Ne1 h6 11. Bh4 c6 12. a4 Nf8 13. Nc2 g5 14. Bg3 Ng6 15. b5 g4 16. bxc6 bxc6 17. Nb4 Bd7 18. Na6 h5 19. Nc7 h4 20. Bd6 Bf5 21. Nxe8 Nxe8 22. Bf4 Nxf4 23. exf4 Nf6 24. g3 Qe7 25. Re1 e3 26. Bf1 exf2+ 27. Kxf2 Qd6 28. Re5 Qd7 29. Kg1 Ne4 30. Nxe4 dxe4 31. Rc5 Re8 32. Be2 e3 33. Qf1 h3 34. Re1 f6 35. Bd3 Be6 36. Rxe3 Bd5 37. Qe2 Rxe3 38. Qxe3 Bf8 39. Rxd5 cxd5 40. Qe2 Bd6 41. Kf2 Kg7 42. Qc2 Qe7 43. Bf5 Bc7 44. Qe2 Qxe2+ 45. Kxe2 Ba5 46. Bxg4 Bxc3 47. Kd3 Be1 48. Bxh3 Bf2 49. Be6 Bg1 50. h3 Bh2 51. g4 Bxf4 52. h4 Kh6 53. Bxd5 Bg3 54. h5 Kg5 55. Be4 Kxg4 56. h6 f5 57. h7 fxe4+ 58. Kxe4 1-0


[Site "https://www.chess.com"]